[Event "Fagernes Chess GM-Swiss 2025"]
[Site "Fagernes"]
[Date "2025.04.20"]
[Round "9.3"]
[White "Urazayev, Arystanbek"]
[Black "Ghosh, Diptayan"]
[Result "1/2-1/2"]
[Annotator "ChessBase"]
[ECO "C54"]
[WhiteElo "2467"]
[BlackElo "2573"]
[PlyCount "37"]
[EventDate "2025.04.12"]
[EventCountry "NOR"]
[SourceTitle "playchess.com"]
[Source "ChessBase"]
[SourceQuality "1"]
[TimeControl "40/6000+30:2400+30"]

1. e4 e5 2. Nf3 Nc6 3. Bc4 Bc5 4. c3 Nf6 5. d3 h6 6. b4 Bb6 7. a4 a6 8. O-O d6 9. Nbd2 O-O 10. Re1 Ne7 11. Bb3 Ng6 12. d4 Ba7 13. Bb2 Re8 14. Qc2 Nh5 15. Bc4 Nh4 16. Nxh4 Qxh4 17. g3 Qg4 18. Kh1 Nf6 19. Bf1 1/2-1/2

[Event "Fagernes Chess GM-Swiss 2025"]
[Site "Fagernes"]
[Date "2025.04.20"]
[Round "9.4"]
[White "Csonka, Balazs"]
[Black "Raja Rithvik R"]
[Result "1/2-1/2"]
[Annotator "ChessBase"]
[ECO "A13"]
[WhiteElo "2459"]
[BlackElo "2538"]
[PlyCount "78"]
[EventDate "2025.04.12"]
[EventCountry "NOR"]
[SourceTitle "playchess.com"]
[Source "ChessBase"]
[SourceQuality "1"]
[TimeControl "40/6000+30:2400+30"]

1. c4 e6 2. g3 d5 3. Bg2 Nf6 4. Nf3 dxc4 5. Qa4+ Bd7 6. Qxc4 c5 7. O-O Bc6 8. Nc3 Nbd7 9. e4 Be7 10. Qe2 e5 11. d3 O-O 12. a4 Ne8 13. Nd2 Nc7 14. Nc4 Ne6 15. f4 exf4 16. gxf4 Nd4 17. Qd1 f5 18. Be3 Rc8 19. Kh1 Kh8 20. b3 b6 21. Bxd4 cxd4 22. Nb5 Bxb5 23. axb5 Rc7 24. e5 Nc5 25. b4 Ne6 26. Qa4 Rg8 27. Ra2 g5 28. fxg5 Bxg5 29. Nd6 Bf4 30. Nxf5 Qg5 31. Be4 Bxe5 32. Rg2 Qh5 33. Rxg8+ Kxg8 34. Qa2 Kh8 35. Rg1 Ng7 36. Nxg7 Rxg7 37. Rxg7 Kxg7 38. Qxa7+ Qf7 39. Qxf7+ Kxf7 1/2-1/2

[Event "Fagernes Chess GM-Swiss 2025"]
[Site "Fagernes"]
[Date "2025.04.20"]
[Round "9.5"]
[White "Makhnev, Denis"]
[Black "Kaasen, Tor Fredrik"]
[Result "0-1"]
[Annotator "ChessBase"]
[ECO "E92"]
[WhiteElo "2537"]
[BlackElo "2472"]
[PlyCount "88"]
[EventDate "2025.04.12"]
[EventCountry "NOR"]
[SourceTitle "playchess.com"]
[Source "ChessBase"]
[SourceQuality "1"]
[TimeControl "40/6000+30:2400+30"]

1. Nf3 Nf6 2. c4 g6 3. Nc3 Bg7 4. e4 d6 5. d4 O-O 6. Be2 e5 7. d5 a5 8. Be3 Na6 9. Nd2 Nd7 10. g4 Ndc5 11. h4 f5 12. g5 f4 13. Bxc5 Nxc5 14. Nb3 f3 15. Bxf3 Nxb3 16. axb3 Rf4 17. Bg2 h6 18. Ne2 Rf7 19. Qd2 hxg5 20. hxg5 Bg4 21. Qe3 Qe7 22. f3 Bd7 23. Kd2 b6 24. Bh3 Raf8 25. Raf1 b5 26. Nc3 bxc4 27. bxc4 Rb8 28. Bxd7 Qxd7 29. Nb5 Rf4 30. Kc2 c6 31. Nc3 Qb7 32. Nd1 cxd5 33. cxd5 Rf7 34. Kb1 a4 35. Rf2 Qa6 36. Rc2 a3 37. Rc6 Qa4 38. Qc3 Rb3 39. Rc8+ Bf8 40. Qc2 axb2 41. Nxb2 Rfxf3 42. Rb8 Qd4 43. Rxb3 Rxb3 44. Qh2 Rxb2+ 0-1

[Event "Fagernes Chess GM-Swiss 2025"]
[Site "Fagernes"]
[Date "2025.04.20"]
[Round "9.6"]
[White "Ghasi, Ameet K"]
[Black "Kulaots, Kaido"]
[Result "1/2-1/2"]
[Annotator "ChessBase"]
[ECO "D76"]
[WhiteElo "2502"]
[BlackElo "2510"]
[PlyCount "108"]
[EventDate "2025.04.12"]
[EventCountry "NOR"]
[SourceTitle "playchess.com"]
[Source "ChessBase"]
[SourceQuality "1"]
[TimeControl "40/6000+30:2400+30"]

1. Nf3 g6 2. d4 Bg7 3. g3 Nf6 4. Bg2 O-O 5. c4 d5 6. cxd5 Nxd5 7. O-O Nb6 8. Nc3 Nc6 9. e3 Re8 10. h3 e5 11. d5 Na5 12. Qc2 c6 13. b4 Nac4 14. dxc6 bxc6 15. Nd2 e4 16. Nxc4 Nxc4 17. Nxe4 Bxa1 18. Qxc4 Rb8 19. Bd2 Bg7 20. Rd1 Be6 21. Qxc6 Qd3 22. Qc1 Red8 23. Nc5 Qc4 24. Be1 Qxa2 25. g4 Qc4 26. Bf3 Qxc1 27. Rxc1 Rbc8 28. Bc3 Bxc3 29. Rxc3 Bd5 30. Bxd5 Rxd5 31. Ra3 Rc7 32. Kg2 Kg7 33. Kf3 Rd1 34. Rc3 Kg8 35. Ra3 Kf8 36. g5 Rd5 37. h4 Kg7 38. Kg3 h6 39. f4 Rd1 40. Rc3 Re7 41. Kf3 Rf1+ 42. Kg3 Rb1 43. Na6 Ra1 44. Nc7 Rd1 45. Kf3 Rdd7 46. Na6 Rb7 47. Rc4 Red7 48. Nc5 Rbc7 49. Rc3 Re7 50. Ra3 Rc6 51. Ne4 Rb7 52. Nf6 Rxb4 53. Rxa7 Rxf6 54. gxf6+ Kxf6 1/2-1/2

[Event "Fagernes Chess GM-Swiss 2025"]
[Site "Fagernes"]
[Date "2025.04.20"]
[Round "9.7"]
[White "Bazakutsa, Svyatoslav"]
[Black "Moksh Amit Doshi"]
[Result "1/2-1/2"]
[Annotator "ChessBase"]
[ECO "A20"]
[WhiteElo "2474"]
[BlackElo "2369"]
[PlyCount "34"]
[EventDate "2025.04.12"]
[EventCountry "NOR"]
[SourceTitle "playchess.com"]
[Source "ChessBase"]
[SourceQuality "1"]
[TimeControl "40/6000+30:2400+30"]

1. c4 e5 2. g3 c6 3. Nf3 e4 4. Nd4 d5 5. d3 Bc5 6. Nb3 Bb4+ 7. Bd2 Bxd2+ 8. Qxd2 dxc4 9. dxc4 f5 10. Bh3 Qxd2+ 11. N1xd2 Nf6 12. f3 exf3 13. exf3 Na6 14. a3 f4 15. Bxc8 Rxc8 16. O-O-O fxg3 17. hxg3 O-O 1/2-1/2

[Event "Fagernes Chess GM-Swiss 2025"]
[Site "Fagernes"]
[Date "2025.04.20"]
[Round "9.9"]
[White "Mitusov, Semen"]
[Black "Rozentalis, Eduardas"]
[Result "1-0"]
[Annotator "ChessBase"]
[ECO "C43"]
[WhiteElo "2459"]
[BlackElo "2481"]
[PlyCount "43"]
[EventDate "2025.04.12"]
[EventCountry "NOR"]
[SourceTitle "playchess.com"]
[Source "ChessBase"]
[SourceQuality "1"]
[TimeControl "40/6000+30:2400+30"]

1. e4 e5 2. Nf3 Nf6 3. d4 Nxe4 4. Bd3 d5 5. Nxe5 Nd7 6. Nc3 Nxe5 7. dxe5 Nxc3 8. bxc3 Be7 9. O-O O-O 10. f4 Bc5+ 11. Kh1 Qe7 12. Qh5 g6 13. Qf3 Bd7 14. Qg3 f6 15. e6 Bc6 16. f5 g5 17. h4 Bd6 18. Qg4 h6 19. hxg5 hxg5 20. Rf3 Be8 21. Rh3 Kg7 22. Bxg5 1-0

[Event "Fagernes Chess GM-Swiss 2025"]
[Site "Fagernes"]
[Date "2025.04.20"]
[Round "9.10"]
[White "Kvaloy, Aksel Bu"]
[Black "Aradhya, Garg"]
[Result "1-0"]
[Annotator "RC"]
[ECO "C78"]
[WhiteElo "2481"]
[BlackElo "2387"]
[PlyCount "165"]
[EventDate "2025.04.12"]
[EventCountry "NOR"]
[SourceTitle "playchess.com"]
[Source "ChessBase"]
[SourceQuality "1"]
[TimeControl "40/6000+30:2400+30"]

1. e4 e5 2. Nf3 Nc6 3. Bb5 a6 4. Ba4 Nf6 5. d3 Bc5 6. c3 d6 7. O-O O-O 8. h3 Ne7 9. Re1 Ng6 10. d4 Ba7 11. Nbd2 exd4 12. cxd4 c5 13. e5 dxe5 14. dxe5 Nh5 15. Bc2 Nhf4 16. Ne4 Qxd1 17. Rxd1 Be6 18. Be3 Rac8 19. Nd6 Rc7 20. Be4 b5 21. Bb7 a5 22. g3 Ne2+ 23. Kg2 Nd4 24. Bxd4 cxd4 25. Be4 Rc5 26. Nb7 Rd5 27. Nxa5 Nxe5 28. Nxe5 Rxe5 29. Bf3 Bd5 30. Bxd5 Rxd5 31. Rd2 Rc8 32. Rad1 g6 33. Nb3 Rc4 34. Nc1 Ra4 35. Nd3 Bb6 36. Re2 Kf8 37. Rde1 Rd8 38. Re7 Rxa2 39. Rb7 Rd6 40. Re5 Bd8 41. Rbxb5 Bf6 42. Ra5 Ra6 43. Rxa6 Rxa6 44. Rc5 g5 45. g4 Ra1 46. Rc1 Ra7 47. Kf3 Kg7 48. b4 Ra2 49. Rb1 Bd8 50. b5 Bb6 51. Rb3 Rc2 52. Ke4 Rc3 53. Rb2 h5 54. Ne5 h4 55. Nd7 Bd8 56. b6 Rxh3 57. b7 Bc7 58. Rb1 Ra3 59. b8=Q Bxb8 60. Nxb8 Ra2 61. Kf3 Ra3+ 62. Ke4 d3 63. Nc6 Rc3 64. Nd4 h3 65. Ke3 Kf6 66. Rd1 Kg6 67. Nf5 Kf6 68. Kd4 Rc2 69. Ke3 d2 70. Rxd2 h2 71. Rd1 Ke5 72. Kf3 Rc4 73. Ne3 Rf4+ 74. Kg3 Ke4 75. Kg2 f6 76. Kg3 Rf3+ 77. Kg2 Rf4 78. Rf1 Kd3 79. Kxh2 Ke2 80. Kg2 Rb4 81. Ra1 Rf4 82. Ra4 Kd3 83. Rxf4 1-0

[Event "Fagernes Chess GM-Swiss 2025"]
[Site "Fagernes"]
[Date "2025.04.20"]
[Round "9.11"]
[White "Grave, Jacob Templen"]
[Black "Blomqvist, Erik"]
[Result "1/2-1/2"]
[Annotator "ChessBase"]
[ECO "C07"]
[WhiteElo "2337"]
[BlackElo "2475"]
[PlyCount "82"]
[EventDate "2025.04.12"]
[EventCountry "NOR"]
[SourceTitle "playchess.com"]
[Source "ChessBase"]
[SourceQuality "1"]
[TimeControl "40/6000+30:2400+30"]

1. e4 e6 2. d4 d5 3. Nd2 c5 4. Ngf3 cxd4 5. Nxd4 Nf6 6. exd5 Qxd5 7. Nb5 Na6 8. Nc3 Qd8 9. a3 Be7 10. Qf3 Nc7 11. Bd3 O-O 12. O-O Ncd5 13. Nde4 Nxc3 14. Nxc3 Qb6 15. Be3 Qc6 16. Qxc6 bxc6 17. Na4 Rd8 18. Bc5 Kf8 19. Rad1 Bxc5 20. Nxc5 Ke7 21. Rfe1 Rd5 22. b4 h6 23. Nb3 Kd8 24. c4 Rd7 25. Na5 Kc7 26. Bc2 c5 27. Ba4 Rxd1 28. Rxd1 Bd7 29. Bxd7 Nxd7 30. Nb3 a6 31. Nxc5 Nxc5 32. bxc5 Rb8 33. h4 Rb3 34. Rd6 Rxa3 35. Rb6 h5 36. g3 g6 37. Kg2 a5 38. Ra6 Kb7 39. Rb6+ Kc7 40. Ra6 Kb7 41. Rb6+ Kc7 1/2-1/2

[Event "Fagernes Chess GM-Swiss 2025"]
[Site "Fagernes"]
[Date "2025.04.20"]
[Round "9.12"]
[White "Willow, Jonah B"]
[Black "Fiskaaen, Martin Holten"]
[Result "1-0"]
[Annotator "ChessBase"]
[ECO "B80"]
[WhiteElo "2471"]
[BlackElo "2283"]
[PlyCount "115"]
[EventDate "2025.04.12"]
[EventCountry "NOR"]
[SourceTitle "playchess.com"]
[Source "ChessBase"]
[SourceQuality "1"]
[TimeControl "40/6000+30:2400+30"]

1. e4 c5 2. Nc3 a6 3. g3 Nc6 4. Nge2 d6 5. Bg2 e6 6. d4 cxd4 7. Nxd4 Bd7 8. O-O Nf6 9. Re1 Be7 10. Nxc6 Bxc6 11. e5 dxe5 12. Bxc6+ bxc6 13. Rxe5 Nd5 14. Na4 O-O 15. Re4 Qc7 16. c4 Nf6 17. Bf4 Qb7 18. Re3 Rad8 19. Qc2 Nd7 20. Rb3 Qa8 21. c5 Nf6 22. Bc7 Rde8 23. Qc4 Nd5 24. Be5 f6 25. Bd4 Kh8 26. Nb6 Qa7 27. Qa4 e5 28. Qxc6 exd4 29. Qxd5 Rd8 30. Qc6 d3 31. Rd1 d2 32. Re3 f5 33. b4 Bg5 34. f4 Bf6 35. Re2 Bc3 36. Nd5 Bd4+ 37. Kg2 Qf7 38. Rexd2 Rc8 39. Qd6 Rfd8 40. Qxd8+ Rxd8 41. Rxd4 Qb7 42. Kf2 h6 43. Ne3 Rf8 44. Rd8 Rxd8 45. Rxd8+ Kh7 46. Rd4 Qh1 47. h4 g5 48. hxg5 hxg5 49. fxg5 Kg6 50. Rc4 Qh2+ 51. Ng2 Qh8 52. Nf4+ Kxg5 53. c6 Qb2+ 54. Ne2 Qxa2 55. Rc3 Qg8 56. c7 Qc8 57. Nf4 Kg4 58. Rc6 1-0

[Event "Fagernes Chess GM-Swiss 2025"]
[Site "Fagernes"]
[Date "2025.04.20"]
[Round "9.13"]
[White "Hillarp Persson, Tiger"]
[Black "Ostensen, Nicolai Maxime"]
[Result "1-0"]
[Annotator "ChessBase"]
[ECO "E92"]
[WhiteElo "2462"]
[BlackElo "2260"]
[PlyCount "67"]
[EventDate "2025.04.12"]
[EventCountry "NOR"]
[SourceTitle "playchess.com"]
[Source "ChessBase"]
[SourceQuality "1"]
[TimeControl "40/6000+30:2400+30"]

1. d4 Nf6 2. c4 g6 3. Nc3 Bg7 4. e4 d6 5. Nf3 O-O 6. Be2 e5 7. d5 a5 8. Bg5 h6 9. Be3 Na6 10. Nd2 Ne8 11. g4 f5 12. gxf5 gxf5 13. exf5 Bxf5 14. Rg1 Kh8 15. Nf1 Nb4 16. Rc1 Qh4 17. Ng3 Bh7 18. a3 Na6 19. Bd3 e4 20. Ngxe4 Bxe4 21. Nxe4 Bxb2 22. Rb1 Bg7 23. Rxb7 Nf6 24. Rxg7 Kxg7 25. Nxd6 Ng4 26. Bd4+ Kg8 27. Qe2 Nf6 28. Qe6+ Kh8 29. Nf5 Qg5 30. h4 Qg6 31. h5 Qe8 32. Kd2 Qxe6 33. dxe6 Rae8 34. e7 1-0

[Event "Fagernes Chess GM-Swiss 2025"]
[Site "Fagernes"]
[Date "2025.04.20"]
[Round "9.14"]
[White "Southcott-Moyers, Indy"]
[Black "Dotzer, Lukas"]
[Result "0-1"]
[Annotator "RC"]
[ECO "D00"]
[WhiteElo "2227"]
[BlackElo "2453"]
[PlyCount "125"]
[EventDate "2025.04.12"]
[EventCountry "NOR"]
[SourceTitle "playchess.com"]
[Source "ChessBase"]
[SourceQuality "1"]
[TimeControl "40/6000+30:2400+30"]

1. d4 Nf6 2. Nc3 d5 3. Bf4 a6 4. e3 Bf5 5. Nf3 e6 6. Ne5 Nfd7 7. g4 Bg6 8. Nxg6 hxg6 9. e4 Nf6 10. Bg2 Bb4 11. exd5 Nxd5 12. Bd2 c6 13. Ne2 Qd6 14. h3 Nd7 15. c3 Ba5 16. Qc2 b5 17. Ng3 Qe7 18. Ne4 Bc7 19. O-O-O a5 20. Kb1 a4 21. a3 N7b6 22. Bg5 Qf8 23. h4 Bd8 24. Bxd8 Kxd8 25. Bf1 Qe7 26. c4 bxc4 27. Bxc4 Rb8 28. Nc5 Rxh4 29. Ka2 Qf6 30. Ne4 Qe7 31. Rxh4 Qxh4 32. Be2 Rc8 33. Qd2 Qh3 34. f3 Qh2 35. Re1 Qf4 36. Qc2 Qe3 37. Rd1 Qf4 38. Qc5 Nd7 39. Qa5+ N5b6 40. Rh1 Qe3 41. Qb4 Qxe2 42. Qd6 Qxb2+ 43. Kxb2 Nc4+ 44. Kc3 Nxd6 45. Nxd6 Rb8 46. Rh8+ Ke7 47. Rxb8 Nxb8 48. Nc8+ Kd8 49. Nb6 Na6 50. Nxa4 Nc7 51. Kc4 Nb5 52. Kc5 Nxa3 53. Nb2 Kc7 54. Nd3 Nb1 55. Ne5 Nd2 56. f4 g5 57. fxg5 Ne4+ 58. Kc4 Nxg5 59. Kc5 Ne4+ 60. Kc4 f6 61. Ng6 Kd6 62. Nf4 g5 63. Nh5 0-1

[Event "Fagernes Chess GM-Swiss 2025"]
[Site "Fagernes"]
[Date "2025.04.20"]
[Round "9.15"]
[White "Adharsh K"]
[Black "Miezis, Normunds"]
[Result "1/2-1/2"]
[Annotator "ChessBase"]
[ECO "B41"]
[WhiteElo "2317"]
[BlackElo "2409"]
[PlyCount "119"]
[EventDate "2025.04.12"]
[EventCountry "NOR"]
[SourceTitle "playchess.com"]
[Source "ChessBase"]
[SourceQuality "1"]
[TimeControl "40/6000+30:2400+30"]

1. e4 c5 2. Nf3 e6 3. d4 cxd4 4. Nxd4 a6 5. c4 Qc7 6. Nc3 Nc6 7. Be3 Nf6 8. a3 b6 9. Be2 Bb7 10. f3 h5 11. O-O Nxd4 12. Qxd4 Bc5 13. Qd3 Qf4 14. Bxc5 bxc5 15. Na4 d6 16. Rad1 Ke7 17. b4 Bc6 18. Nc3 g5 19. Qd2 h4 20. Qxf4 gxf4 21. h3 Rhb8 22. Rb1 Nd7 23. Rfc1 Ne5 24. Bf1 Be8 25. Rc2 Rc8 26. Ne2 cxb4 27. Rxb4 Ng6 28. Rb7+ Bd7 29. Rb6 a5 30. Rd2 Rc6 31. Rb7 Rac8 32. Ra7 Rxc4 33. Rxa5 Rc2 34. Rxc2 Rxc2 35. Nd4 Rd2 36. Nb3 Rb2 37. Nd4 Ne5 38. Ra7 Kd8 39. a4 Rb4 40. Ne2 Bxa4 41. Nxf4 d5 42. Ra5 Kc7 43. Rxd5 Ng6 44. Rc5+ Kd6 45. Nd3 Rd4 46. Ra5 Bc2 47. Ra6+ Ke7 48. Ra7+ Kf6 49. Nf2 Kg7 50. Rc7 Rd2 51. Ng4 Ba4 52. Ra7 Bd1 53. Bc4 Nf4 54. Ra2 Rxa2 55. Bxa2 Be2 56. Kf2 Bb5 57. Bb1 f6 58. Bc2 Bd7 59. Ne3 e5 60. Bb1 1/2-1/2

[Event "Fagernes Chess GM-Swiss 2025"]
[Site "Fagernes"]
[Date "2025.04.20"]
[Round "9.16"]
[White "Vestby-Ellingsen, Mads"]
[Black "Vijayakumar, Rishi"]
[Result "1/2-1/2"]
[Annotator "ChessBase"]
[ECO "C47"]
[WhiteElo "2398"]
[BlackElo "2317"]
[PlyCount "32"]
[EventDate "2025.04.12"]
[EventCountry "NOR"]
[SourceTitle "playchess.com"]
[Source "ChessBase"]
[SourceQuality "1"]
[TimeControl "40/6000+30:2400+30"]

1. e4 e5 2. Nf3 Nc6 3. Nc3 Nf6 4. a3 g6 5. d4 exd4 6. Nxd4 Bg7 7. Nxc6 bxc6 8. Bd3 O-O 9. O-O d6 10. Bg5 h6 11. Bh4 Rb8 12. Rb1 c5 13. Re1 g5 14. Bg3 Ng4 15. h3 Ne5 16. Bf1 Ng6 1/2-1/2

[Event "Fagernes Chess GM-Swiss 2025"]
[Site "Fagernes"]
[Date "2025.04.20"]
[Round "9.17"]
[White "Andersen, Morten"]
[Black "Lund, Gunnar"]
[Result "1/2-1/2"]
[Annotator "ChessBase"]
[ECO "A13"]
[WhiteElo "2200"]
[BlackElo "2341"]
[PlyCount "26"]
[EventDate "2025.04.12"]
[EventCountry "NOR"]
[SourceTitle "playchess.com"]
[Source "ChessBase"]
[SourceQuality "1"]
[TimeControl "40/6000+30:2400+30"]

1. Nf3 d5 2. e3 Nf6 3. c4 e6 4. b3 Be7 5. Bb2 O-O 6. Nc3 b6 7. cxd5 exd5 8. Be2 c5 9. d4 Nc6 10. O-O Be6 11. Rc1 Rc8 12. dxc5 bxc5 13. Na4 Nd7 1/2-1/2

[Event "Fagernes Chess GM-Swiss 2025"]
[Site "Fagernes"]
[Date "2025.04.20"]
[Round "9.18"]
[White "Verbin, Valentina"]
[Black "Eliseev, Sergey"]
[Result "0-1"]
[Annotator "ChessBase"]
[ECO "B90"]
[WhiteElo "2113"]
[BlackElo "2226"]
[PlyCount "80"]
[EventDate "2025.04.12"]
[EventCountry "NOR"]
[SourceTitle "playchess.com"]
[Source "ChessBase"]
[SourceQuality "1"]
[TimeControl "40/6000+30:2400+30"]

1. e4 c5 2. Nf3 d6 3. d4 cxd4 4. Nxd4 Nf6 5. Nc3 a6 6. Be3 e5 7. Nf3 Be7 8. Bc4 Be6 9. Bb3 Nbd7 10. O-O Ng4 11. Bc1 Nc5 12. Qe2 Nxb3 13. axb3 f5 14. h3 Nh6 15. Bxh6 gxh6 16. exf5 Bxf5 17. Nxe5 dxe5 18. Qxe5 O-O 19. Rad1 Qe8 20. Rfe1 Bg5 21. Qg3 Qg6 22. Rd6 Rf6 23. Rd4 Qg7 24. Nd5 Rg6 25. Rc4 Rf8 26. Rc7 Qd4 27. c4 Bd8 28. Qf3 Bxc7 29. Ne7+ Kh8 30. Nxg6+ hxg6 31. g4 Qd3 32. Re3 Qd6 33. gxf5 Rxf5 34. Re8+ Kh7 35. Qe3 Rg5+ 36. Kf1 Qd1+ 37. Qe1 Qd3+ 38. Qe2 Qxh3+ 39. Ke1 Ba5+ 40. Kd1 Qxb3+ 0-1

[Event "Fagernes Chess GM-Swiss 2025"]
[Site "Fagernes"]
[Date "2025.04.20"]
[Round "9.19"]
[White "Myagmarsuren, Evsuld"]
[Black "Olsen, William Alexander"]
[Result "1-0"]
[Annotator "ChessBase"]
[ECO "D00"]
[WhiteElo "2305"]
[BlackElo "2188"]
[PlyCount "63"]
[EventDate "2025.04.12"]
[EventCountry "NOR"]
[SourceTitle "playchess.com"]
[Source "ChessBase"]
[SourceQuality "1"]
[TimeControl "40/6000+30:2400+30"]

1. d4 Nf6 2. Nc3 d5 3. Bf4 e6 4. Nb5 Na6 5. e3 c6 6. Nc3 c5 7. Nf3 Nc7 8. Ne5 c4 9. g4 Bb4 10. Qf3 Nb5 11. g5 Bxc3+ 12. bxc3 Qa5 13. Bxc4 Qxc3+ 14. Kf1 dxc4 15. gxf6 gxf6 16. Bg5 fxe5 17. Qf6 Kd7 18. Qe7+ Kc6 19. Qc5+ Kd7 20. Qxb5+ Kc7 21. Qc5+ Kd7 22. Rd1 Qxc2 23. Kg2 Qe4+ 24. f3 Qc2+ 25. Kg3 f6 26. dxe5+ Ke8 27. Qc7 Bd7 28. Qc5 Bc8 29. Rd8+ Kxd8 30. Bxf6+ Kd7 31. Qd6+ Ke8 32. Qe7# 1-0

[Event "Fagernes Chess GM-Swiss 2025"]
[Site "Fagernes"]
[Date "2025.04.20"]
[Round "9.21"]
[White "Pang, Ethan"]
[Black "Khoo-Thwe, Louis"]
[Result "0-1"]
[Annotator "ChessBase"]
[ECO "C54"]
[WhiteElo "2257"]
[BlackElo "2118"]
[PlyCount "52"]
[EventDate "2025.04.12"]
[EventCountry "NOR"]
[SourceTitle "playchess.com"]
[Source "ChessBase"]
[SourceQuality "1"]
[TimeControl "40/6000+30:2400+30"]

1. e4 e5 2. Nf3 Nc6 3. Bc4 Bc5 4. c3 Nf6 5. d4 exd4 6. e5 d5 7. Be2 Ne4 8. cxd4 Bb6 9. O-O f6 10. exf6 Qxf6 11. Nc3 Be6 12. Be3 O-O-O 13. Qa4 g5 14. Nxe4 dxe4 15. Nxg5 Nxd4 16. Bc4 Bxc4 17. Qxc4 Rhg8 18. h4 Nf3+ 19. gxf3 Bxe3 20. fxe3 Rxg5+ 21. hxg5 Qxg5+ 22. Kh1 Qh6+ 23. Kg1 Qg5+ 24. Kh1 Qh4+ 25. Kg1 Qg3+ 26. Kh1 Rd6 0-1

[Event "Fagernes Chess GM-Swiss 2025"]
[Site "Fagernes"]
[Date "2025.04.20"]
[Round "9.22"]
[White "Ashwath Kaushik"]
[Black "Oksendal, Martin"]
[Result "0-1"]
[Annotator "ChessBase"]
[ECO "E60"]
[WhiteElo "1958"]
[BlackElo "2250"]
[PlyCount "100"]
[EventDate "2025.04.12"]
[EventCountry "NOR"]
[SourceTitle "playchess.com"]
[Source "ChessBase"]
[SourceQuality "1"]
[TimeControl "40/6000+30:2400+30"]

1. d4 Nf6 2. Nf3 g6 3. c4 Bg7 4. e3 O-O 5. Be2 c5 6. d5 e6 7. Nc3 exd5 8. cxd5 d6 9. e4 Bg4 10. Nd2 Bxe2 11. Qxe2 Nbd7 12. O-O Nh5 13. g3 Qe7 14. f4 Rae8 15. Re1 f5 16. Nb5 Ndf6 17. e5 dxe5 18. d6 Qf7 19. fxe5 Ne4 20. Nxe4 fxe4 21. Be3 Rxe5 22. Nxa7 Qd7 23. Nb5 Rf3 24. Bf2 Qf7 25. Red1 Nf6 26. b4 Nd7 27. Bxc5 e3 28. Rf1 Rf2 29. Rxf2 exf2+ 30. Qxf2 Qxf2+ 31. Bxf2 Rxb5 32. Rc1 Kf7 33. Rc7 Ke6 34. Bc5 Nxc5 35. bxc5 Bd4+ 36. Kf1 Bxc5 37. d7 Be7 38. d8=Q Bxd8 39. Rxh7 Rb2 40. a4 Be7 41. Rh8 b6 42. h4 Kf5 43. h5 g5 44. h6 Bf6 45. Rf8 Rh2 46. Rb8 Bd4 47. Rd8 Be5 48. Rf8+ Ke4 49. Rg8 Kf3 50. Kg1 Rxh6 0-1

[Event "Fagernes Chess GM-Swiss 2025"]
[Site "Fagernes"]
[Date "2025.04.20"]
[Round "9.23"]
[White "Aamodt, Peder Marcus"]
[Black "Hebbar, Eshaan"]
[Result "1/2-1/2"]
[Annotator "ChessBase"]
[ECO "A26"]
[WhiteElo "2242"]
[BlackElo "2175"]
[PlyCount "100"]
[EventDate "2025.04.12"]
[EventCountry "NOR"]
[SourceTitle "playchess.com"]
[Source "ChessBase"]
[SourceQuality "1"]
[TimeControl "40/6000+30:2400+30"]

1. c4 Nf6 2. Nc3 g6 3. g3 Bg7 4. Bg2 O-O 5. d3 d6 6. Rb1 e5 7. e4 Nc6 8. Nge2 Ne7 9. O-O Ne8 10. Be3 f5 11. d4 exd4 12. Nxd4 c6 13. Qd2 fxe4 14. Bxe4 Nf6 15. Bg2 d5 16. cxd5 Nexd5 17. Bg5 Qb6 18. Nxd5 Nxd5 19. Bxd5+ cxd5 20. Be3 Bh3 21. Rfe1 Qf6 22. Rbd1 Kh8 23. Bg5 Qb6 24. Bh6 Rae8 25. Bxg7+ Kxg7 26. Rxe8 Rxe8 27. Nf3 Bg4 28. Re1 Rxe1+ 29. Nxe1 Qe6 30. f3 Bf5 31. g4 Qb6+ 32. Qf2 Bb1 33. Qxb6 axb6 34. a3 g5 35. Kf2 Kf6 36. Ke3 Ke5 37. Ng2 d4+ 38. Kd2 b5 39. b3 Bg6 40. h4 h6 41. hxg5 hxg5 42. Ke2 Bf7 43. Ne1 Bxb3 44. Nd3+ Kd5 45. Kd2 Bc4 46. Nf2 Ke5 47. Nh3 Kf6 48. f4 gxf4 49. Nxf4 Kg5 50. Ne2 Kxg4 1/2-1/2

[Event "Fagernes Chess GM-Swiss 2025"]
[Site "Fagernes"]
[Date "2025.04.20"]
[Round "9.24"]
[White "Torfoss, Sivert Schanche"]
[Black "Skotheim, Andreas"]
[Result "1/2-1/2"]
[Annotator "ChessBase"]
[ECO "A50"]
[WhiteElo "2141"]
[BlackElo "2229"]
[PlyCount "100"]
[EventDate "2025.04.12"]
[EventCountry "NOR"]
[SourceTitle "playchess.com"]
[Source "ChessBase"]
[SourceQuality "1"]
[TimeControl "40/6000+30:2400+30"]

1. Nf3 Nf6 2. c4 b6 3. g3 Bb7 4. d4 g6 5. Bg2 Bg7 6. O-O O-O 7. Nc3 Ne4 8. Qc2 Nxc3 9. Qxc3 c5 10. Be3 Bxf3 11. Bxf3 Nc6 12. Bxc6 dxc6 13. Rad1 Qd7 14. Qd3 cxd4 15. Bxd4 Rfd8 16. Bxg7 Qxd3 17. Rxd3 Rxd3 18. exd3 Kxg7 19. Re1 Kf6 20. Kf1 Rd8 21. Ke2 a5 22. a3 e5 23. Ke3 Kf5 24. h3 h5 25. Rc1 Ke6 26. Rd1 Rd4 27. b4 a4 28. Rf1 h4 29. g4 c5 30. bxc5 bxc5 31. f3 f5 32. gxf5+ gxf5 33. Rb1 e4 34. Rb6+ Kd7 35. fxe4 fxe4 36. dxe4 Rxc4 37. Kd3 Rd4+ 38. Ke3 Rd1 39. Rh6 c4 40. Ke2 Rd4 41. Rxh4 c3 42. Rh7+ Kc6 43. Rh8 Kd7 44. Rh7+ Kc6 45. Rh8 Kd7 46. Rg8 Rxe4+ 47. Kd3 c2 48. Kxc2 Re3 49. h4 Rxa3 50. h5 Rh3 1/2-1/2

[Event "Fagernes Chess GM-Swiss 2025"]
[Site "Fagernes"]
[Date "2025.04.20"]
[Round "9.25"]
[White "Brattgjerd, Isak Vinh"]
[Black "Simonsen, David Mindestrommen"]
[Result "1-0"]
[Annotator "ChessBase"]
[ECO "D00"]
[WhiteElo "2202"]
[BlackElo "2034"]
[PlyCount "63"]
[EventDate "2025.04.12"]
[EventCountry "NOR"]
[SourceTitle "playchess.com"]
[Source "ChessBase"]
[SourceQuality "1"]
[TimeControl "40/6000+30:2400+30"]

1. d4 Nf6 2. Nc3 d5 3. Bf4 g6 4. e3 Bg7 5. h4 c5 6. Nb5 Na6 7. c3 h5 8. Nf3 Bf5 9. Be2 Ng4 10. O-O O-O 11. Qd2 Bh6 12. Ng5 f6 13. Nh3 Bg7 14. Rfd1 cxd4 15. exd4 Kh7 16. Bg3 Bh6 17. Nf4 e5 18. dxe5 fxe5 19. Qxd5 Qb6 20. Nh3 Nf6 21. Qd6 Ne4 22. Qe7+ Bg7 23. Bxe5 Nf6 24. Ng5+ Kh8 25. Nd6 Rae8 26. Nxe8 Rxe8 27. Qd6 Qxb2 28. Qxf6 Bxf6 29. Bxf6+ Kg8 30. Bc4+ Be6 31. Bxe6+ Kf8 32. Nh7# 1-0

[Event "Fagernes Chess GM-Swiss 2025"]
[Site "Fagernes"]
[Date "2025.04.20"]
[Round "9.26"]
[White "Holand, Per Fredrik"]
[Black "Westrum, Kim Roger Hansen"]
[Result "1/2-1/2"]
[Annotator "ChessBase"]
[ECO "C10"]
[WhiteElo "2070"]
[BlackElo "2193"]
[PlyCount "54"]
[EventDate "2025.04.12"]
[EventCountry "NOR"]
[SourceTitle "playchess.com"]
[Source "ChessBase"]
[SourceQuality "1"]
[TimeControl "40/6000+30:2400+30"]

1. e4 e6 2. d4 d5 3. Nc3 Nc6 4. e5 f6 5. Nf3 Bd7 6. h4 fxe5 7. dxe5 Bb4 8. Bd2 Qe7 9. Ne2 Bxd2+ 10. Qxd2 Nh6 11. Ned4 Nxd4 12. Nxd4 a6 13. f4 c5 14. Nf3 Bc6 15. O-O-O O-O-O 16. Ng5 Ng4 17. Qe2 h5 18. g3 d4 19. Bh3 Bxh1 20. Rxh1 Qd7 21. Bxg4 hxg4 22. Qxg4 Rhe8 23. Rd1 Qd5 24. Kb1 Rd7 25. Qe2 Kc7 26. Ne4 b5 27. Nd6 Rxd6 1/2-1/2